 Seeded DCSS version 0.31-b1-18-g61460d1e46 (webtiles) character file.

Game seed: 1 (custom seed)

1206 Kazon the Chopper (level 8, 0/72 (81) HPs)
             Began as an Oni Gladiator on Jan 16, 2024.
             Slain by Jeremiah
             ... wielding a +2 trident of draining
              (2 damage)
             ... on level 6 of the Dungeon.
             The game lasted 00:20:22 (4763 turns).

Kazon the Chopper (Oni Gladiator)                   Turns: 4763, Time: 00:20:24

HP:   0/72 (81)     AC:  4    Str: 21    XL:     8   Next: 45%
MP:   17/17         EV: 10    Int:  9    God:
Gold: 232           SH:  0    Dex: 10    Spells: 7/7 levels left

rFire   + . .        C - +4 quarterstaff (chaos)
rCold   . . .        (shield currently unavailable)
rNeg    . . .        l - +1 robe {rF+}
rPois   .            c - melded +0 hat
rElec   .            (cloak currently unavailable)
rCorr   .            (gloves unavailable)
SInv    .            (boots unavailable)
Will    +....        (no amulet)
Stlth   +            i - ring of willpower
HPRegen 0.32/turn    J - ring of magical power
MPRegen 0.15/turn

%: no passive effects
@: beast-form, attractive, heavily drained, invisible
A: beast (slay +1), large, unfitting armour, horns 1, tough skin 1, double
potion healing, drunken brawling
a: Begin Untransformation


You were on level 6 of the Dungeon.
You were a hulking beast.
You visited 1 branch of the dungeon, and saw 6 of its levels.

You collected 232 gold pieces.

Inventory:

Hand Weapons
 a - a +0 war axe
 g - a +5 hand axe
 C - a +4 quarterstaff of chaos (weapon)
Missiles
 e - a large rock
 p - 3 throwing nets
 q - a stone
 K - 6 boomerangs (quivered)
Armour
 c - a +0 hat (melded)
 l - a +1 robe of fire resistance (worn)
 D - a +0 cloak
Jewellery
 i - a ring of willpower (left hand)
 z - a ring of fire
 B - a ring of ice
 J - a ring of magical power (right hand)
Talismans
 v - a beast talisman (active)
Wands
 A - a wand of mindburst (11)
Scrolls
 b - 5 scrolls of teleportation
 f - a scroll of blinking {unknown}
 h - a scroll of enchant armour
 j - 2 scrolls of enchant weapon
 k - a scroll of torment {unknown}
 m - a scroll of identify
 n - 2 scrolls of noise {unknown}
 o - 2 scrolls of revelation
 r - 2 scrolls of fear
 w - a scroll of poison {unknown}
 y - 2 scrolls of immolation {unknown}
 E - a scroll of acquirement {unknown}
 I - a scroll of summoning {unknown}
Potions
 d - 3 potions of curing
 u - a potion of cancellation {unknown}
 x - a potion of resistance {unknown}
 F - a potion of haste {unknown}
 G - a potion of brilliance {unknown}
 H - a potion of might {unknown}
 L - a potion of berserk rage {unknown}


   Skills:
 + Level 5.6 Fighting
 + Level 6.2 Axes
 + Level 3.0 Staves
 + Level 3.0 Throwing
 + Level 4.3 Dodging
 + Level 1.2 Stealth
 * Level 1.4 Evocations
 + Level 2.8 Shapeshifting


You had 7 spell levels left.
You didn't know any spells.
Your spell library contained the following spells:

 Spells                   Type           Power      Damage    Failure   Level
 Gell's Gravitas          Tloc           0%         N/A       77%         3
 Hailstorm                Conj/Ice       0%         3d5       77%         3
 Summon Ice Beast         Ice/Summ       0%         N/A       77%         3
 Teleport Other           Tloc           0%         N/A       77%         3
 Dispersal                Tloc           0%         N/A       100%        6
 Sculpt Simulacrum        Ice/Alch       0%         N/A       100%        6


Dungeon Overview and Level Annotations

Branches:
Dungeon (6/15)
 Temple: D:4-7

Altars:
Hepliaklqana

Annotations:
D:6 Jeremiah, Pikel


Innate Abilities, Weirdness & Mutations

You are a hulking beast.
Your limbs bulge with bestial killing power. (Slay +1)
You are too large for most types of armour.
You have a pair of small horns on your head.
You have tough skin. (AC +1)
You gain doubled healing and magic from potions.
Whenever you drink a healing potion, you attack all around you.


Message History

The butterfly disappears in a burst of colours! x4
The lemure hits you but does no damage.
You hit the lemure. Your headbutt misses the lemure.
The lemure is severely wounded.
The butterfly disappears in a burst of colours! x3
Jeremiah shouts, "Stop it!
Stop making me do this!"
Jeremiah mumbles a slurred invocation.
Something smites you!
* * * LOW HITPOINT WARNING * * *
The lemure hits you.
* * * LOW HITPOINT WARNING * * *
You hear a shout!
It was a potion of attraction.
You feel attractive to monsters. The lemure hits you.
* * * LOW HITPOINT WARNING * * *
The butterfly is attracted toward you. x8; Jeremiah is attracted toward you.
The butterfly is attracted toward you. x5
Okay, then.
Unknown command.
You barely miss the lemure.
The lemure is severely wounded.
The butterfly disappears in a burst of colours!
The lemure closely misses you. The butterfly is attracted toward you.
Jeremiah is attracted toward you.
The butterfly is attracted toward you. x6
It was a potion of invisibility.
You fade into invisibility!
The butterfly disappears in a burst of colours! x3
Jeremiah completely misses you. The lemure barely misses you.
The butterfly is attracted toward you. x5; Pikel is attracted toward you.
The butterfly is attracted toward you. x2
Pikel, Merchant of Souls comes into view.
He is wielding a +0 whip of freezing and wearing a +2 robe of willpower.
You hit the lemure but do no damage.
The lemure is almost dead.
The butterfly disappears in a burst of colours! x2
Jeremiah hits you from afar with a +2 trident of draining!
* * * LOW HITPOINT WARNING * * *
You feel drained.
You die...
Jeremiah asks, "What happened?
Did... did you die?"

#############
##.....#.....## ######
##.............# #.....#
#...............
.....§.##...............
.§...b§b#...............
.§.K.bb.#...............
.b>§.Fbh#...............
b.bbbb5.##..............
§§bb...§##......#.......
...b..b§...##.#.........
#.......####......##...#
#.§....####..........###
#...... ............##
##....b ............>###
#..#... ...............


You could see Jeremiah (unable to see you), Pikel (wandering, unable to see you)
and a lemure (unable to see you, poisoned).

Vanquished Creatures
  Grinder (D:3)
  A black bear (D:5)
  A centaur (D:5)
  2 phantoms (D:5)
  3 scorpions
  A bombardier beetle (D:3)
  2 orc priests
  Crazy Yiuf (D:4)
  Jessica (D:2)
  2 iguanas (D:5)
  3 orc wizards
  A mummy (D:4)
  Robin (D:3)
  7 adders
  A shadow imp (D:5)
  A white imp (D:6)
  A dart slug (D:1)
  A ribbon worm (D:4)
  28 orcs
  6 endoplasms
  2 giant cockroaches (D:1)
  15 goblins
  8 hobgoblins
  3 jackals (D:2)
  4 kobolds
  2 quokkas
  3 ball pythons
  7 bats
  3 frilled lizards
  3 hobgoblin zombies (D:4)
  An orc zombie (D:4)
  9 rats
125 creatures vanquished.

Notes
Turn   | Place    | Note
-------+----------+-------------------------------------------
     0 | D:1      | Kazon the Oni Gladiator began the quest for the Orb.
     0 | D:1      | Reached XP level 1. HP: 22/22 MP: 1/1
   170 | D:1      | Reached XP level 2. HP: 29/29 MP: 2/2
   659 | D:2      | Noticed Jessica
   666 | D:2      | Killed Jessica
   667 | D:2      | Reached XP level 3. HP: 37/37 MP: 3/3
   733 | D:2      | Reached XP level 4. HP: 45/45 MP: 4/4
   734 | D:2      | Found a faded altar of an unknown god.
   795 | D:2      | Reached skill level 4 in Axes
  1385 | D:3      | Noticed Robin
  1391 | D:3      | Reached XP level 5. HP: 45/53 MP: 5/5
  1403 | D:3      | Killed Robin
  1914 | D:3      | Reached skill level 5 in Axes
  1936 | D:3      | Noticed Grinder
  1950 | D:3      | Killed Grinder
  1951 | D:3      | Reached skill level 1 in Shapeshifting
  1951 | D:3      | Reached XP level 6. HP: 26/63 MP: 6/6
  2481 | D:4      | Found a hazy altar of Hepliaklqana.
  2567 | D:4      | Reached XP level 7. HP: 66/71 MP: 7/7
  2769 | D:4      | Found a runed translucent door.
  2770 | D:4      | Noticed Crazy Yiuf
  2780 | D:4      | Killed Crazy Yiuf
  3168 | D:4      | Reached skill level 6 in Axes
  3655 | D:5      | Entered Level 5 of the Dungeon
  3674 | D:5      | Reached skill level 5 in Fighting
  3676 | D:5      | Reached skill level 1 in Stealth
  3722 | D:5      | Reached skill level 1 in Staves
  3787 | D:5      | Reached XP level 8. HP: 35/80 MP: 8/8
  4096 | D:5      | Reached skill level 1 in Evocations
  4742 | D:6      | Noticed Jeremiah
  4763 | D:6      | Noticed Pikel
  4763 | D:6      | HP: 2/74 [Jeremiah/+2 trident of draining (8)]
  4763 | D:6      | Slain by Jeremiah

Illustrated notes

Levels and vault maps discovered:
D:1:      zelgadis_glass_arrival_small, layout_loops_cross
D:2:      layout_loops_ring, ebering_ecumenical_altar_box, uniq_jessica
D:3:      layout_basic, uniq_robin, uniq_grinder
D:4:      layout_layer_cave, lemuel_coloured_pillars_altar, minmay_mini_ossuary,
          uniq_crazy_yiuf_cottage
D:5:      layout_layer_cave, hex_medium
D:6:      layout_rooms, ebering_ghost_reflecting_pool, uniq_jeremiah, uniq_pikel

Skill      XL: |  1  2  3  4  5  6  7  8 |
---------------+-------------------------+-----
Dodging        | 3 4 |  4.3
Fighting       | 3 4 5 |  5.6
Axes           | 4 5 6 |  6.2
Shapeshifting  | 1 2 |  2.8
Stealth        | 1 |  1.2
Staves         | 1 3 |  3.0
Evocations     | 1 |  1.4
Throwing       | 3 |  3.0

Action                     |  1- 3 |  4- 6 |  7- 9 || total
---------------------------+-------+-------+-------++-------
  Melee: War axe           |    19 |       |       ||    19
         Headbutt          |     5 |    21 |    23 ||    49
         Hand axe          |    21 |   149 |    21 ||   191
         Quarterstaff      |       |       |    86 ||    86
  Throw: Large rock        |     1 |       |     3 ||     4
         Stone             |       |    26 |    16 ||    42
         Boomerang         |       |       |     4 ||     4
    Use: Scroll            |       |     5 |     2 ||     7
         Potion            |       |       |     2 ||     2
   Stab: Sleeping          |     2 |     2 |       ||     4
 Armour: Robe              |    17 |    82 |    85 ||   184
  Dodge: Dodged            |    30 |    83 |    67 ||   180
   Form: Beast             |       |     1 |       ||     1
